%YAML 1.1
%TAG !u! tag:unity3d.com,2011:
--- !u!1 &7767535922889452133
GameObject:
  m_ObjectHideFlags: 0
  m_CorrespondingSourceObject: {fileID: 0}
  m_PrefabInstance: {fileID: 0}
  m_PrefabAsset: {fileID: 0}
  serializedVersion: 6
  m_Component:
  - component: {fileID: 7767535922889452132}
  m_Layer: 0
  m_Name: FirePoint3
  m_TagString: Untagged
  m_Icon: {fileID: 0}
  m_NavMeshLayer: 0
  m_StaticEditorFlags: 0
  m_IsActive: 1
--- !u!4 &7767535922889452132
Transform:
  m_ObjectHideFlags: 0
  m_CorrespondingSourceObject: {fileID: 0}
  m_PrefabInstance: {fileID: 0}
  m_PrefabAsset: {fileID: 0}
  m_GameObject: {fileID: 7767535922889452133}
  m_LocalRotation: {x: -0, y: -0, z: -0, w: 1}
  m_LocalPosition: {x: -1.69, y: 1.71, z: -1.4169066}
  m_LocalScale: {x: 1, y: 1, z: 1}
  m_Children: []
  m_Father: {fileID: 7767535924730597407}
  m_RootOrder: 3
  m_LocalEulerAnglesHint: {x: 0, y: 0, z: 0}
--- !u!1 &7767535923891628468
GameObject:
  m_ObjectHideFlags: 0
  m_CorrespondingSourceObject: {fileID: 0}
  m_PrefabInstance: {fileID: 0}
  m_PrefabAsset: {fileID: 0}
  serializedVersion: 6
  m_Component:
  - component: {fileID: 7767535923891628471}
  m_Layer: 0
  m_Name: FirePoint4
  m_TagString: Untagged
  m_Icon: {fileID: 0}
  m_NavMeshLayer: 0
  m_StaticEditorFlags: 0
  m_IsActive: 1
--- !u!4 &7767535923891628471
Transform:
  m_ObjectHideFlags: 0
  m_CorrespondingSourceObject: {fileID: 0}
  m_PrefabInstance: {fileID: 0}
  m_PrefabAsset: {fileID: 0}
  m_GameObject: {fileID: 7767535923891628468}
  m_LocalRotation: {x: -0, y: -0, z: -0, w: 1}
  m_LocalPosition: {x: 1.68, y: 1.67, z: -1.4169066}
  m_LocalScale: {x: 1, y: 1, z: 1}
  m_Children: []
  m_Father: {fileID: 7767535924730597407}
  m_RootOrder: 4
  m_LocalEulerAnglesHint: {x: 0, y: 0, z: 0}
--- !u!1 &7767535924188900891
GameObject:
  m_ObjectHideFlags: 0
  m_CorrespondingSourceObject: {fileID: 0}
  m_PrefabInstance: {fileID: 0}
  m_PrefabAsset: {fileID: 0}
  serializedVersion: 6
  m_Component:
  - component: {fileID: 7767535924188900890}
  m_Layer: 0
  m_Name: FirePoint1
  m_TagString: Untagged
  m_Icon: {fileID: 0}
  m_NavMeshLayer: 0
  m_StaticEditorFlags: 0
  m_IsActive: 1
--- !u!4 &7767535924188900890
Transform:
  m_ObjectHideFlags: 0
  m_CorrespondingSourceObject: {fileID: 0}
  m_PrefabInstance: {fileID: 0}
  m_PrefabAsset: {fileID: 0}
  m_GameObject: {fileID: 7767535924188900891}
  m_LocalRotation: {x: -0, y: -0, z: -0, w: 1}
  m_LocalPosition: {x: 0, y: 2, z: -1.4169066}
  m_LocalScale: {x: 1, y: 1, z: 1}
  m_Children: []
  m_Father: {fileID: 7767535924730597407}
  m_RootOrder: 1
  m_LocalEulerAnglesHint: {x: 0, y: 0, z: 0}
--- !u!1 &7767535924360525214
GameObject:
  m_ObjectHideFlags: 0
  m_CorrespondingSourceObject: {fileID: 0}
  m_PrefabInstance: {fileID: 0}
  m_PrefabAsset: {fileID: 0}
  serializedVersion: 6
  m_Component:
  - component: {fileID: 7767535924360525185}
  m_Layer: 0
  m_Name: FirePoint2
  m_TagString: Untagged
  m_Icon: {fileID: 0}
  m_NavMeshLayer: 0
  m_StaticEditorFlags: 0
  m_IsActive: 1
--- !u!4 &7767535924360525185
Transform:
  m_ObjectHideFlags: 0
  m_CorrespondingSourceObject: {fileID: 0}
  m_PrefabInstance: {fileID: 0}
  m_PrefabAsset: {fileID: 0}
  m_GameObject: {fileID: 7767535924360525214}
  m_LocalRotation: {x: -0, y: -0, z: -0, w: 1}
  m_LocalPosition: {x: 0.01, y: 0.91, z: -1.4169066}
  m_LocalScale: {x: 1, y: 1, z: 1}
  m_Children: []
  m_Father: {fileID: 7767535924730597407}
  m_RootOrder: 2
  m_LocalEulerAnglesHint: {x: 0, y: 0, z: 0}
--- !u!1 &7767535924499522686
GameObject:
  m_ObjectHideFlags: 0
  m_CorrespondingSourceObject: {fileID: 0}
  m_PrefabInstance: {fileID: 0}
  m_PrefabAsset: {fileID: 0}
  serializedVersion: 6
  m_Component:
  - component: {fileID: 7767535924499522657}
  - component: {fileID: 7767535924499522658}
  - component: {fileID: 7767535924499522659}
  - component: {fileID: 7767535924499522656}
  - component: {fileID: 7767535924499522681}
  - component: {fileID: 2673218017798396615}
  - component: {fileID: 2673218018344488548}
  m_Layer: 9
  m_Name: Render
  m_TagString: Untagged
  m_Icon: {fileID: 0}
  m_NavMeshLayer: 0
  m_StaticEditorFlags: 0
  m_IsActive: 1
--- !u!4 &7767535924499522657
Transform:
  m_ObjectHideFlags: 0
  m_CorrespondingSourceObject: {fileID: 0}
  m_PrefabInstance: {fileID: 0}
  m_PrefabAsset: {fileID: 0}
  m_GameObject: {fileID: 7767535924499522686}
  m_LocalRotation: {x: 0, y: 0, z: 0, w: 1}
  m_LocalPosition: {x: 0, y: 0, z: 0}
  m_LocalScale: {x: 1, y: 1, z: 1}
  m_Children: []
  m_Father: {fileID: 7767535924730597407}
  m_RootOrder: 0
  m_LocalEulerAnglesHint: {x: 0, y: 0, z: 0}
--- !u!33 &7767535924499522658
MeshFilter:
  m_ObjectHideFlags: 0
  m_CorrespondingSourceObject: {fileID: 0}
  m_PrefabInstance: {fileID: 0}
  m_PrefabAsset: {fileID: 0}
  m_GameObject: {fileID: 7767535924499522686}
  m_Mesh: {fileID: 0}
--- !u!23 &7767535924499522659
MeshRenderer:
  m_ObjectHideFlags: 0
  m_CorrespondingSourceObject: {fileID: 0}
  m_PrefabInstance: {fileID: 0}
  m_PrefabAsset: {fileID: 0}
  m_GameObject: {fileID: 7767535924499522686}
  m_Enabled: 1
  m_CastShadows: 1
  m_ReceiveShadows: 1
  m_DynamicOccludee: 1
  m_MotionVectors: 1
  m_LightProbeUsage: 1
  m_ReflectionProbeUsage: 1
  m_RayTracingMode: 2
  m_RenderingLayerMask: 1
  m_RendererPriority: 0
  m_Materials:
  - {fileID: 2100000, guid: 9b24bf550150e2c4cac375dbf0ce2270, type: 2}
  m_StaticBatchInfo:
    firstSubMesh: 0
    subMeshCount: 0
  m_StaticBatchRoot: {fileID: 0}
  m_ProbeAnchor: {fileID: 0}
  m_LightProbeVolumeOverride: {fileID: 0}
  m_ScaleInLightmap: 1
  m_ReceiveGI: 1
  m_PreserveUVs: 0
  m_IgnoreNormalsForChartDetection: 0
  m_ImportantGI: 0
  m_StitchLightmapSeams: 1
  m_SelectedEditorRenderState: 3
  m_MinimumChartSize: 4
  m_AutoUVMaxDistance: 0.5
  m_AutoUVMaxAngle: 89
  m_LightmapParameters: {fileID: 0}
  m_SortingLayerID: 0
  m_SortingLayer: 0
  m_SortingOrder: 0
--- !u!114 &7767535924499522656
MonoBehaviour:
  m_ObjectHideFlags: 0
  m_CorrespondingSourceObject: {fileID: 0}
  m_PrefabInstance: {fileID: 0}
  m_PrefabAsset: {fileID: 0}
  m_GameObject: {fileID: 7767535924499522686}
  m_Enabled: 1
  m_EditorHideFlags: 0
  m_Script: {fileID: 11500000, guid: d247ba06193faa74d9335f5481b2b56c, type: 3}
  m_Name: 
  m_EditorClassIdentifier: 
  skeletonDataAsset: {fileID: 11400000, guid: f917f22f8baa0f54788daf9eefc4f94a, type: 2}
  initialSkinName: default
  initialFlipX: 0
  initialFlipY: 0
  separatorSlotNames: []
  zSpacing: 0
  useClipping: 1
  immutableTriangles: 0
  pmaVertexColors: 1
  clearStateOnDisable: 0
  tintBlack: 0
  singleSubmesh: 0
  addNormals: 0
  calculateTangents: 0
  logErrors: 0
  disableRenderingOnOverride: 1
  _animationName: Idle
  loop: 1
  timeScale: 1
--- !u!60 &7767535924499522681
PolygonCollider2D:
  m_ObjectHideFlags: 0
  m_CorrespondingSourceObject: {fileID: 0}
  m_PrefabInstance: {fileID: 0}
  m_PrefabAsset: {fileID: 0}
  m_GameObject: {fileID: 7767535924499522686}
  m_Enabled: 1
  m_Density: 1
  m_Material: {fileID: 0}
  m_IsTrigger: 1
  m_UsedByEffector: 0
  m_UsedByComposite: 0
  m_Offset: {x: 0, y: 0}
  m_SpriteTilingProperty:
    border: {x: 0, y: 0, z: 0, w: 0}
    pivot: {x: 0, y: 0}
    oldSize: {x: 0, y: 0}
    newSize: {x: 0, y: 0}
    adaptiveTilingThreshold: 0
    drawMode: 0
    adaptiveTiling: 0
  m_AutoTiling: 0
  m_Points:
    m_Paths:
    - - {x: -0.15427434, y: 4.7851524}
      - {x: -2.2417243, y: 4.040743}
      - {x: -3.072291, y: 1.6837623}
      - {x: -2.2304611, y: 1.1480038}
      - {x: -1.3698784, y: 1.0110054}
      - {x: -0.6698183, y: 0.12548637}
      - {x: 0.69790053, y: 0.12001729}
      - {x: 1.3721726, y: 1.0108397}
      - {x: 2.208376, y: 1.1594098}
      - {x: 3.0433426, y: 1.6828864}
      - {x: 2.1559222, y: 4.040744}
--- !u!114 &2673218017798396615
MonoBehaviour:
  m_ObjectHideFlags: 0
  m_CorrespondingSourceObject: {fileID: 0}
  m_PrefabInstance: {fileID: 0}
  m_PrefabAsset: {fileID: 0}
  m_GameObject: {fileID: 7767535924499522686}
  m_Enabled: 1
  m_EditorHideFlags: 0
  m_Script: {fileID: 11500000, guid: acbdbfbfa39127f4a96b660401a38c92, type: 3}
  m_Name: 
  m_EditorClassIdentifier: 
  coll: {fileID: 7767535924499522681}
  enemyBase: {fileID: 7767535924730597405}
  damePerSec: {fileID: 2673218018344488548}
--- !u!114 &2673218018344488548
MonoBehaviour:
  m_ObjectHideFlags: 0
  m_CorrespondingSourceObject: {fileID: 0}
  m_PrefabInstance: {fileID: 0}
  m_PrefabAsset: {fileID: 0}
  m_GameObject: {fileID: 7767535924499522686}
  m_Enabled: 1
  m_EditorHideFlags: 0
  m_Script: {fileID: 11500000, guid: 7af26327a65403943b0bff97623cbcb8, type: 3}
  m_Name: 
  m_EditorClassIdentifier: 
--- !u!1 &7767535924730597404
GameObject:
  m_ObjectHideFlags: 0
  m_CorrespondingSourceObject: {fileID: 0}
  m_PrefabInstance: {fileID: 0}
  m_PrefabAsset: {fileID: 0}
  serializedVersion: 6
  m_Component:
  - component: {fileID: 7767535924730597407}
  - component: {fileID: 7767535924730597378}
  - component: {fileID: 7767535924730597400}
  - component: {fileID: 7767535924730597403}
  - component: {fileID: 7767535924730597402}
  - component: {fileID: 7767535924730597405}
  - component: {fileID: 7767535924730597401}
  - component: {fileID: 7767535924730597862}
  - component: {fileID: 7767535924730597863}
  m_Layer: 0
  m_Name: Boss3
  m_TagString: Enemy
  m_Icon: {fileID: 0}
  m_NavMeshLayer: 0
  m_StaticEditorFlags: 0
  m_IsActive: 1
--- !u!4 &7767535924730597407
Transform:
  m_ObjectHideFlags: 0
  m_CorrespondingSourceObject: {fileID: 0}
  m_PrefabInstance: {fileID: 0}
  m_PrefabAsset: {fileID: 0}
  m_GameObject: {fileID: 7767535924730597404}
  m_LocalRotation: {x: 0, y: 0, z: 0, w: 1}
  m_LocalPosition: {x: 0, y: 0, z: 0}
  m_LocalScale: {x: 1, y: 1, z: 1}
  m_Children:
  - {fileID: 7767535924499522657}
  - {fileID: 7767535924188900890}
  - {fileID: 7767535924360525185}
  - {fileID: 7767535922889452132}
  - {fileID: 7767535923891628471}
  m_Father: {fileID: 0}
  m_RootOrder: 0
  m_LocalEulerAnglesHint: {x: 0, y: 0, z: 0}
--- !u!50 &7767535924730597378
Rigidbody2D:
  serializedVersion: 4
  m_ObjectHideFlags: 0
  m_CorrespondingSourceObject: {fileID: 0}
  m_PrefabInstance: {fileID: 0}
  m_PrefabAsset: {fileID: 0}
  m_GameObject: {fileID: 7767535924730597404}
  m_BodyType: 1
  m_Simulated: 1
  m_UseFullKinematicContacts: 0
  m_UseAutoMass: 0
  m_Mass: 1
  m_LinearDrag: 0
  m_AngularDrag: 0.05
  m_GravityScale: 1
  m_Material: {fileID: 0}
  m_Interpolate: 0
  m_SleepingMode: 1
  m_CollisionDetection: 0
  m_Constraints: 0
--- !u!114 &7767535924730597400
MonoBehaviour:
  m_ObjectHideFlags: 0
  m_CorrespondingSourceObject: {fileID: 0}
  m_PrefabInstance: {fileID: 0}
  m_PrefabAsset: {fileID: 0}
  m_GameObject: {fileID: 7767535924730597404}
  m_Enabled: 1
  m_EditorHideFlags: 0
  m_Script: {fileID: 11500000, guid: 36153d0d3331f0440a055b65e7e35d2f, type: 3}
  m_Name: 
  m_EditorClassIdentifier: 
  processAttacks:
  - {fileID: 7767535924730597401}
  - {fileID: 7767535924730597862}
  - {fileID: 7767535924730597863}
  styleAttack: 1
  anim: {fileID: 7767535924730597402}
  timeNextProcess: 2
  speed: 2
  rangeMove: 2
--- !u!114 &7767535924730597403
MonoBehaviour:
  m_ObjectHideFlags: 0
  m_CorrespondingSourceObject: {fileID: 0}
  m_PrefabInstance: {fileID: 0}
  m_PrefabAsset: {fileID: 0}
  m_GameObject: {fileID: 7767535924730597404}
  m_Enabled: 1
  m_EditorHideFlags: 0
  m_Script: {fileID: 11500000, guid: 2a56061eb1ab55341a88c308d5fc89d0, type: 3}
  m_Name: 
  m_EditorClassIdentifier: 
  IsAttacking: 0
  _isMoveAttack: 1
--- !u!114 &7767535924730597402
MonoBehaviour:
  m_ObjectHideFlags: 0
  m_CorrespondingSourceObject: {fileID: 0}
  m_PrefabInstance: {fileID: 0}
  m_PrefabAsset: {fileID: 0}
  m_GameObject: {fileID: 7767535924730597404}
  m_Enabled: 1
  m_EditorHideFlags: 0
  m_Script: {fileID: 11500000, guid: 86e194f9f2cd51a4aa250c65698eb6fb, type: 3}
  m_Name: 
  m_EditorClassIdentifier: 
  skeleton: {fileID: 7767535924499522656}
  idel: Idle
--- !u!114 &7767535924730597405
MonoBehaviour:
  m_ObjectHideFlags: 0
  m_CorrespondingSourceObject: {fileID: 0}
  m_PrefabInstance: {fileID: 0}
  m_PrefabAsset: {fileID: 0}
  m_GameObject: {fileID: 7767535924730597404}
  m_Enabled: 1
  m_EditorHideFlags: 0
  m_Script: {fileID: 11500000, guid: 52f8b4ba122202c44b5c79835196ffab, type: 3}
  m_Name: 
  m_EditorClassIdentifier: 
  ID: 10
  eMove: {fileID: 7767535924730597403}
  enemyCol2D: {fileID: 2673218017798396615}
  enemyData:
    EnemyName: Boss3
    Hp: 1500
    MinHp: 150
    NumberBarHp: 3
    BodyDam: 10
    BulletDam: 10
    Score: 6500
    CanAttack: 1
  curHP: 0
  totalHP: 0
  rg2D: {fileID: 7767535924730597378}
  psDie: {fileID: 0}
  IsLive: 0
  bAttack: {fileID: 7767535924730597400}
  animCtrl: {fileID: 0}
--- !u!114 &7767535924730597401
MonoBehaviour:
  m_ObjectHideFlags: 0
  m_CorrespondingSourceObject: {fileID: 0}
  m_PrefabInstance: {fileID: 0}
  m_PrefabAsset: {fileID: 0}
  m_GameObject: {fileID: 7767535924730597404}
  m_Enabled: 1
  m_EditorHideFlags: 0
  m_Script: {fileID: 11500000, guid: 371ce22725035474492236258693c752, type: 3}
  m_Name: 
  m_EditorClassIdentifier: 
  timeTurnDelay: 3
  attackPoints:
  - {fileID: 7767535924188900891}
  timePointDelay: 0
  colBullet: 1
  timeColDelay: 0
  diffAngleCol: 10
  rowBullet: 20
  timeRowDelay: 0.2
  styleBullet: 2
  bulletPre: {fileID: 1245629356141343333, guid: 91cb8ed1a9facde4785a7f95a5900762,
    type: 3}
  startAnim: Idle
  liveAnim: Attack1
  endAnim: Idle
  nameProcess: Attack1
  bossAttackBase: {fileID: 7767535924730597400}
  animController: {fileID: 7767535924730597402}
  canMove: 1
  numberTurn: 1
--- !u!114 &7767535924730597862
MonoBehaviour:
  m_ObjectHideFlags: 0
  m_CorrespondingSourceObject: {fileID: 0}
  m_PrefabInstance: {fileID: 0}
  m_PrefabAsset: {fileID: 0}
  m_GameObject: {fileID: 7767535924730597404}
  m_Enabled: 1
  m_EditorHideFlags: 0
  m_Script: {fileID: 11500000, guid: 371ce22725035474492236258693c752, type: 3}
  m_Name: 
  m_EditorClassIdentifier: 
  timeTurnDelay: 3
  attackPoints:
  - {fileID: 7767535924188900891}
  timePointDelay: 0
  colBullet: 36
  timeColDelay: 0
  diffAngleCol: 10
  rowBullet: 3
  timeRowDelay: 0.2
  styleBullet: 0
  bulletPre: {fileID: 1245629356141343333, guid: 91cb8ed1a9facde4785a7f95a5900762,
    type: 3}
  startAnim: Idle
  liveAnim: Attack2
  endAnim: Idle
  nameProcess: Attack2
  bossAttackBase: {fileID: 7767535924730597400}
  animController: {fileID: 7767535924730597402}
  canMove: 0
  numberTurn: 1
--- !u!114 &7767535924730597863
MonoBehaviour:
  m_ObjectHideFlags: 0
  m_CorrespondingSourceObject: {fileID: 0}
  m_PrefabInstance: {fileID: 0}
  m_PrefabAsset: {fileID: 0}
  m_GameObject: {fileID: 7767535924730597404}
  m_Enabled: 1
  m_EditorHideFlags: 0
  m_Script: {fileID: 11500000, guid: 175997592722d0a47b9bd9394012ab8f, type: 3}
  m_Name: 
  m_EditorClassIdentifier: 
  timeTurnDelay: 3
  attackPoints:
  - {fileID: 7767535924188900891}
  timePointDelay: 0
  colBullet: 1
  timeColDelay: 0
  diffAngleCol: 10
  rowBullet: 1
  timeRowDelay: 0.2
  styleBullet: 0
  bulletPre: {fileID: 1245629356141343333, guid: 91cb8ed1a9facde4785a7f95a5900762,
    type: 3}
  startAnim: Idle
  liveAnim: Attack3
  endAnim: Idle
  nameProcess: Attack3
  bossAttackBase: {fileID: 7767535924730597400}
  animController: {fileID: 7767535924730597402}
  canMove: 0
  numberTurn: 1
  spacing: 1
